 Dungeon Crawl Stone Soup version 0.26-a0-201-gb271ac0e06 (webtiles) character file.

Game seed: 13682894111895830037

1635936 bmfx the Crack Shot (level 27, 254/254 HPs)
             Began as a Centaur Transmuter on July 5, 2020.
             Was the Champion of Okawaru.
             Escaped with the Orb
             ... and 3 runes on July 6, 2020!
             The game lasted 03:18:34 (78972 turns).

bmfx the Crack Shot (Centaur Transmuter)           Turns: 78972, Time: 03:18:34

Health: 254/254    AC: 54    Str: 35    XL:     27
Magic:  34/34      EV: 14    Int: 20    God:    Okawaru [******]
Gold:   5030       SH:  0    Dex: 17    Spells: 27/30 levels left

rFire    + + +     SeeInvis +   w - +9 longbow (vorpal) {god gift}
rCold    + + +     Faith    +   (shield currently unavailable)
rNeg     . . .     Spirit   .   S - +5 gold dragon scales
rPois    +         Reflect  .   z - +2 helmet {SInv}
rElec    .         Harm     .   n - +2 cloak {MR+}
rCorr    .                      y - +2 pair of gloves {archery} {god gift}
MR       +++..                  J - +4 centaur barding {rF+} {god gift}
Stlth    ..........             C - amulet of Ryelae {Faith *Drain rC++ Int+4 Dex-4}
HPRegen  0.52/turn              m - ring "Rutril" {rF+ AC+4 Dex+4 Stlth+}
MPRegen  0.24/turn              G - ring "Hexzefewn" {Str+10 Dex+6}

@: very quick
A: large, hooves 3, clever 2, deformed body, speed 2, tough skin 3, MP-powered
wands
0: Orb of Zot
}: 3/15 runes: serpentine, barnacled, silver
a: Heroism, Finesse, Renounce Religion


You escaped.
You worshipped Okawaru.
Okawaru was exalted by your worship.
You were very full.

You visited 9 branches of the dungeon, and saw 49 of its levels.
You also visited: Bailey, Gauntlet, Ice Cave, Wizlab and Desolation.

You collected 5784 gold pieces.
You spent 754 gold pieces at shops.


Innate Abilities, Weirdness & Mutations

You have hooves in place of feet.
Armour fits poorly on your strangely shaped body.
You cover ground very quickly.
You have extremely tough skin. (AC +3)
Your mind is very acute. (Int +4)
You expend magic power (3 MP) to strengthen your wands.

Dungeon Overview and Level Annotations

Branches:
Dungeon (15/15)            Temple (0/1) D:7            Lair (6/6) D:10
 Shoals (4/4) Lair:2        Snake (4/4) Lair:4        Slime (0/5) Lair:5
    Orc (2/2) D:12            Elf (3/3) Orc:2        Vaults (5/5) D:13
  Crypt (0/3) Vaults:2     Depths (5/5) D:15            Zot (5/5) Depths:5
 Bailey (visited)           IceCv (visited)          WizLab (visited)
Desolation (visited)      Gauntlet (visited)

Altars:
Ashenzari
Elyvilon
Gozag
Hepliaklqana
Kikubaaqudgha
Makhleb
Okawaru
Sif Muna
Trog
Vehumet
Wu Jian
Xom
Yredelemnul
The Shining One
Jiyva

Shops:
D:12 [   D:13 *   D:14 ?   Orc:2 }([*=   Shoals:2 *   Snake:2 ?!(}   Depths:1 *
Depths:3 %

Portals:
Hell: Depths:1 Depths:2 Depths:3 Depths:4 Depths:5
Abyss: Depths:2 Depths:4
Pandemonium: Depths:3
Ziggurat: Depths:1

Annotations:
Snake:1 1 runed translucent door
Vaults:2 36 runed doors


   Skills:
 - Level 22.0 Fighting
 - Level 22.0 Bows
 - Level 22.0 Armour
 + Level 18.6 Dodging
 - Level 8.0 Unarmed Combat
 - Level 2.0 Spellcasting
 - Level 2.0 Transmutations
 - Level 15.0 Invocations
 - Level 15.0 Evocations


You had 27 spell levels left.
You knew the following spells:

 Your Spells              Type           Power        Failure   Level  Hunger
A - Beastly Appendage     Tmut           ##....       38%         1    #......
B - Sticks to Snakes      Tmut           ##......     54%         2    ##.....

Your spell library contained the following spells:

 Spells                   Type           Power        Failure   Level  Hunger
 Sting                    Tmut/Pois      #...         54%         1    #......
 Animate Skeleton         Necr           N/A          67%         1    #......
 Apportation              Tloc           #.....       67%         1    #......
 Corona                   Hex            #......      67%         1    #......
 Foxfire                  Conj/Fire      #...         67%         1    #......
 Infusion                 Chrm           #...         67%         1    #......
 Magic Dart               Conj           #...         67%         1    #......
 Sandblast                Erth           #.....       67%         1    #......
 Shock                    Conj/Air       #...         67%         1    #......
 Summon Butterflies       Summ           #.......     67%         1    #......
 Summon Small Mammal      Summ           #...         67%         1    #......
 Passwall                 Tmut/Erth      #.......     67%         2    ##.....
 Blink                    Tloc           N/A          82%         2    ##.....
 Call Imp                 Summ           #.......     82%         2    ##.....
 Ensorcelled Hibernation  Hex/Ice        #.....       82%         2    ##.....
 Poisonous Vapours        Pois/Air       #.....       82%         2    ##.....
 Shroud of Golubria       Chrm/Tloc      #.....       82%         2    ##.....
 Slow                     Hex            #.......     82%         2    ##.....
 Song of Slaying          Chrm           #.......     82%         2    ##.....
 Sublimation of Blood     Necr           #.........   82%         2    ##.....
 Swiftness                Chrm/Air       #.......     82%         2    ##.....
 Spider Form              Tmut/Pois      #.........   88%         3    ###....
 Ignite Poison            Fire/Tmut/Pois #.......     92%         3    ###....
 Call Canine Familiar     Summ           #.......     96%         3    ###....
 Confusing Touch          Hex            #.......     96%         3    ###....
 Conjure Flame            Conj/Fire      #.......     96%         3    ###....
 Dazzling Flash           Conj/Hex       #.....       96%         3    ###....
 Gell's Gravitas          Tloc           #.........   96%         3    ###....
 Lesser Beckoning         Tloc           #.........   96%         3    ###....
 Mephitic Cloud           Conj/Pois/Air  #.......     96%         3    ###....
 Ozocubu's Armour         Chrm/Ice       #.......     96%         3    ###....
 Portal Projectile        Hex/Tloc       #.....       96%         3    ###....
 Recall                   Summ/Tloc      N/A          96%         3    ###....
 Spectral Weapon          Hex/Chrm       #.......     96%         3    ###....
 Static Discharge         Conj/Air       #.......     96%         3    ###....
 Stone Arrow              Conj/Erth      #.....       96%         3    ###....
 Summon Guardian Golem    Hex/Summ       #.......     96%         3    ###....
 Teleport Other           Tloc           #.......     96%         3    ###....
 Tukima's Dance           Hex            #.......     96%         3    ###....
 Ice Form                 Ice/Tmut       #.......     99%         4    #####..
 Petrify                  Tmut/Erth      #.......     99%         4    #####..
 Airstrike                Air            #.........   100%        4    #####..
 Hailstorm                Conj/Ice       #.......     100%        4    #####..
 Iskenderun's Mystic Bla  Conj/Tloc      #.......     100%        4    #####..
 Olgreb's Toxic Radiance  Pois           #.......     100%        4    #####..
 Summon Ice Beast         Ice/Summ       #.......     100%        4    #####..
 Summon Lightning Spire   Summ/Air       #.......     100%        4    #####..
 Aura of Abjuration       Summ           #.........   100%        5    ######.
 Blade Hands              Tmut           ##........   100%        5    ######.
 Bolt of Magma            Conj/Fire/Erth #.........   100%        5    ######.
 Borgnjor's Vile Clutch   Necr/Erth      #.........   100%        5    ######.
 Fireball                 Conj/Fire      #.........   100%        5    ######.
 Irradiate                Conj/Tmut      #.........   100%        5    ######.
 Iskenderun's Battlesphe  Conj/Chrm      #.......     100%        5    ######.
 Lee's Rapid Deconstruct  Erth           #.........   100%        5    ######.
 Lightning Bolt           Conj/Air       #.........   100%        5    ######.
 Metabolic Englaciation   Hex/Ice        #.........   100%        5    ######.
 Silence                  Hex/Air        #.........   100%        5    ######.
 Summon Demon             Summ           #.........   100%        5    ######.
 Summon Forest            Summ/Tloc      #.........   100%        5    ######.
 Summon Mana Viper        Hex/Summ       #.......     100%        5    ######.
 Yara's Violent Unravell  Hex/Tmut       #.........   100%        5    ######.
 Conjure Ball Lightning   Conj/Air       #.........   100%        6    #######
 Darkness                 Hex            #.........   100%        6    #######
 Eringya's Noxious Bog    Tmut/Pois      #.........   100%        6    #######
 Freezing Cloud           Conj/Ice/Air   #.........   100%        6    #######
 Hydra Form               Tmut           ##........   100%        6    #######
 Iron Shot                Conj/Erth      #.........   100%        6    #######
 Ozocubu's Refrigeration  Ice            #.........   100%        6    #######
 Shadow Creatures         Summ           N/A          100%        6    #######
 Simulacrum               Ice/Necr       #.........   100%        6    #######
 Starburst                Conj/Fire      #.........   100%        6    #######
 Statue Form              Tmut/Erth      #........    100%        6    #######
 Dragon Form              Tmut           ##........   100%        7    #######
 Orb of Destruction       Conj           #.........   100%        7    #######
 Ring of Flames           Chrm/Fire      #.........   100%        7    #######
 Spellforged Servitor     Conj/Summ      #.........   100%        7    #######
 Summon Hydra             Summ           #.........   100%        7    #######
 Chain Lightning          Conj/Air       #.........   100%        8    #######
 Ignition                 Fire           #.........   100%        8    #######
 Lehudib's Crystal Spear  Conj/Erth      #.........   100%        8    #######
 Absolute Zero            Ice            #.........   100%        9    #######
 Fire Storm               Conj/Fire      #.........   100%        9    #######
 Shatter                  Erth           #.........   100%        9    #######
 Tornado                  Air            #.........   100%        9    #######
 Passage of Golubria      Tloc           Unusable     N/A         4    N/A

Action                   |  1- 3 |  4- 6 |  7- 9 | 10-12 | 13-15 | 16-18 | 19-21 | 22-24 | 25-27 || total
-------------------------+-------+-------+-------+-------+-------+-------+-------+-------+-------++-------
Melee: Unarmed           |   116 |   209 |   212 |   361 |       |       |       |       |       ||   898
       Kick              |    23 |    43 |    38 |    86 |     1 |       |       |       |       ||   191
       Headbutt          |     7 |    20 |    13 |     8 |       |       |       |       |       ||    48
       Punch             |     1 |     1 |     4 |    11 |       |       |       |       |       ||    17
       Longbow           |       |       |       |       |     1 |       |       |       |       ||     1
 Fire: Shortbow          |       |       |   248 |   130 |       |       |       |       |       ||   378
       Longbow           |       |       |       |   226 |  1221 |  1533 |  1632 |  1565 |  1309 ||  7486
Throw: Dart              |       |       |       |     3 |       |       |       |       |       ||     3
 Cast: Beastly Appendage |    16 |    26 |    29 |    11 |       |       |       |       |       ||    82
       Sticks to Snakes  |     5 |     5 |     2 |       |       |       |       |       |       ||    12
Invok: Heroism           |       |       |     6 |    16 |    24 |    25 |    20 |    23 |    17 ||   131
       Finesse           |       |       |       |       |    10 |    12 |    10 |    18 |     8 ||    58
 Abil: Evoke Invisibilit |       |       |       |       |     2 |     8 |     1 |     2 |       ||    13
       Evoke Flight      |       |       |       |       |       |     2 |       |       |       ||     2
       Evoke Blink       |       |       |       |       |       |     1 |       |       |       ||     1
Evoke: Wand              |       |     7 |    10 |    26 |       |     3 |       |    27 |     3 ||    76
       Tin of tremorston |       |       |       |     2 |     2 |     5 |    11 |    12 |     6 ||    38
       Lightning rod     |       |       |       |       |       |       |     5 |     4 |       ||     9
  Use: Scroll            |     3 |    11 |     6 |    16 |    15 |    10 |     7 |    17 |    14 ||    99
       Potion            |       |     1 |     2 |     5 |       |     8 |       |     2 |     5 ||    23
 Stab: Sleeping          |       |       |     2 |    16 |       |       |       |       |       ||    18
       Invisible         |       |       |       |     2 |       |       |       |       |       ||     2
  Eat: Chunk             |     4 |     8 |    10 |    21 |    12 |    22 |    20 |    18 |     9 ||   124
       Ration            |       |     1 |     1 |     1 |     5 |     4 |     3 |     5 |     5 ||    25
Armor: Robe              |    50 |    62 |    87 |     3 |       |       |       |       |       ||   202
       Skin              |       |     4 |     2 |     3 |       |       |       |       |       ||     9
       Troll leather arm |       |       |       |    54 |       |       |       |       |       ||    54
       Acid dragon scale |       |       |       |   117 |   180 |   167 |     4 |       |       ||   468
       Plate armour      |       |       |       |     1 |       |       |   314 |   267 |    60 ||   642
       Gold dragon scale |       |       |       |       |       |       |       |       |   221 ||   221
Dodge: Dodged            |    68 |    95 |   115 |   184 |    92 |   259 |   143 |   176 |   155 ||  1287

Skill      XL: |  1  2  3  4  5  6  7  8  9 10 11 12 13 14 15 16 17 18 19 20 21 22 23 24 25 26 27 |
---------------+----------------------------------------------------------------------------------+-----
Fighting       | 2 4 8 11 12 14 19 20 21 22 | 22.0
Transmutations | 2 |  2.0
Spellcasting   | 2 |  2.0
Evocations     | 1 2 3 4 5 8 9 10 13 15 | 15.0
Unarmed Combat | 4 5 7 8 |  8.0
Bows           | 7 10 13 15 17 20 22 | 22.0
Invocations    | 6 7 8 10 14 15 | 15.0
Armour         | 5 6 9 10 13 15 16 17 19 20 21 22 | 22.0
Dodging        | 5 9 13 15 16 18 | 18.6

Inventory:

Hand Weapons
 a - the +6 longbow of Mutilation {god gift, venom, +Inv rF- Dex+10}
   (Okawaru gifted it to you on level 6 of the Lair of Beasts)

   It poisons the ammo it fires.
   It affects your dexterity (+10).
   It makes you vulnerable to fire.
   It lets you turn invisible.
 w - a +9 vorpal longbow (weapon) {god gift}
Missiles
 x - 3 throwing nets {!f}
 P - 1623 arrows (quivered)
Armour
 n - a +2 cloak of magic resistance (worn)
 y - a +2 pair of gloves of archery (worn) {god gift}
 z - a +2 helmet of see invisible (worn)
 J - a +4 centaur barding of fire resistance (worn) {god gift}
 S - +5 gold dragon scales (worn)
Jewellery
 m - the ring "Rutril" (left hand) {rF+ AC+4 Dex+4 Stlth+}
   (You acquired it in a bailey)

   [ring of protection]

   It affects your AC (+4).
   It affects your dexterity (+4).
   It protects you from fire.
   It makes you more stealthy.
 t - the amulet of Itheomodgh {Acrobat rN+ MR++}
   (You found it in the Desolation of Salt)

   [amulet of the acrobat]

   It helps you evade while moving and waiting.
   It protects you from negative energy.
   It affects your resistance to hostile enchantments.
 B - the ring "Nejaesam" {MR+ Str+4}
   (You found it in the Desolation of Salt)

   [ring of protection from magic]

   It affects your strength (+4).
   It affects your resistance to hostile enchantments.
 C - the amulet of Ryelae (around neck) {Faith *Drain rC++ Int+4 Dex-4}
   (You took it off a frost giant on level 5 of the Vaults)

   [amulet of faith]

   It allows you to gain divine favour quickly.
   It affects your intelligence (+4).
   It affects your dexterity (-4).
   It greatly protects you from cold.
   It causes draining when unequipped.
 G - the ring "Hexzefewn" (right hand) {Str+10 Dex+6}
   (You acquired it on level 2 of the Elven Halls)

   [ring of dexterity]

   It affects your strength (+10).
   It affects your dexterity (+6).
 M - the ring of the Falcon {+Fly rN+ Slay+3 Stlth+}
   (You found it in a Gauntlet)

   [ring of positive energy]

   It affects your accuracy and damage with ranged weapons and melee attacks
   (+3).
   It protects you from negative energy.
   It lets you fly.
   It makes you more stealthy.
 X - the ring of the Archfiend {rPois MR+ Dex+7}
   (You found it on level 1 of the Shoals)

   [ring of protection from magic]

   It affects your dexterity (+7).
   It protects you from poison.
   It affects your resistance to hostile enchantments.
Wands
 h - a wand of acid (59)
 p - a wand of clouds (8)
 v - a wand of enslavement (5)
 A - a wand of digging (19)
 I - a wand of paralysis (7)
 W - a wand of iceblast (27)
Scrolls
 j - 5 scrolls of identify {@r3}
 l - 2 scrolls of silence
 q - 3 scrolls of fear
 r - 25 scrolls of remove curse {@r4}
 u - 24 scrolls of teleportation {@r1}
 L - 5 scrolls of fog
 Q - 3 scrolls of holy word
 R - a scroll of magic mapping
 V - a scroll of summoning
 Y - 3 scrolls of blinking {@r2}
Potions
 b - 9 potions of haste {@q4}
 c - 5 potions of invisibility
 e - a potion of resistance
 f - a potion of stabbing
 g - 4 potions of ambrosia
 k - 13 potions of heal wounds {@q1}
 o - 12 potions of curing {@q2}
 D - 2 potions of berserk rage
 E - 11 potions of flight
 F - a potion of magic
 K - 6 potions of cancellation
 N - 6 potions of might
 Z - a potion of brilliance
Miscellaneous
 s - a tin of tremorstones (2/3)
 H - 4 phantom mirrors
 O - a lightning rod (4/4)
 T - 5 boxes of beasts
 U - a phial of floods
Comestibles
 d - 72 rations
 i - 8 chunks of flesh {@w1}

#####.#######...##....####
#.....#.....#.......### ##
#.#####.8.8.##.....## ##.
#.# ##...8..#..##..### #..
#.###...8.8.######...# #.#
#.##........# ##..###.#
#.#.⌠.⌠.###.# ##.....#
#.#[....#.'.# ##.....
#.'..8..#@#.# ##..#.
###.....#.+.# #.....
#.⌠.⌠.###.# #.####
##........# #.##..
##...8.8.# #.#...
##...8..# #..... ##.8.8.#
##.#... #.....# #..##..
####### ##..####


There were no monsters in sight!

Vanquished Creatures
  5 ancient liches
  10 orbs of fire (Zot:5)
  5 Killer Klowns
  Bai Suzhen (Depths:1)
  Sojobo (Depths:1)
  The ghost of Usulitso the Severer, a veteran FoVM of Uskayaw (Vaults:3)
  2 curse toes (Zot:5)
  11 golden dragons
  Nikola (Snake:1)
  A Hellbinder (WizLab)
  4 electric golems
  A Brimstone Fiend (D:15)
  A Tzitzimitl (Depths:3)
  26 Orb Guardians
  Jorgrun (Elf:2)
  A hellephant (Depths:1)
  13 tentacled monstrosities
  Asterion (Depths:2)
  7 liches
  2 deep elf blademasters (Elf:3)
  3 quicksilver dragons
  2 acid blobs (Depths:4)
  7 titans
  2 deep elf master archers (Elf:3)
  The ghost of Juteq the Nimble, an adept GnGl of Makhleb (Vaults:3)
  7 death cobs
  5 sphinxes
  Frances (D:14)
  9 shadow dragons
  A shadow dragon (shapeshifter) (Gauntlet)
  Kirke (D:12)
  10 tengu reavers
  A thorn hunter (Depths:4)
  Agnes (Elf:1)
  8 storm dragons
  17 nagarajas (Snake:4)
  3 draconian monks
  A daeva (Depths:3)
  A blood saint (WizLab)
  14 frost giants
  9 fire giants
  The ghost of Lanoc the Carver, an adept VSBe of Trog (Shoals:4)
  4 ghost moths
  3 draconian knights
  6 deep elf sorcerers
  18 vault wardens
  An orc warlord (Orc:2)
  2 draconian scorchers
  7 deep elf elementalists
  Louise (Snake:1)
  Aizul (Snake:4)
  4 draconian shifters
  3 imperial myrmidons (Desolation)
  4 cacodemons
  2 draconian stormcallers
  3 draconian annihilators
  4 war gargoyles (Vaults:5)
  16 very ugly things
  The ghost of Quyjis the Severer, a journeyman DDGl of Makhleb (Lair:4)
  2 vampire knights
  13 ironheart preservers
  17 stone giants
  The ghost of Munlam the Grappler, a journeyman MiTm of Wu Jian (Lair:6)
  7 green draconians
  3 deep elf demonologists
  A spark wasp (Depths:1)
  The ghost of Gioread the Grappler, a journeyman TrMo of Ru (D:13)
  9 yellow draconians
  A minotaur (Gauntlet)
  11 deep elf annihilators
  A black sun (D:8)
  3 lorocyprocas
  6 purple draconians
  A halazid warlock (Desolation)
  8 red draconians
  8 black draconians
  Nessos (Orc:2)
  A corrupter (Depths:1)
  3 white draconians
  6 dire elephants (Lair:6)
  16 ettins
  10 deep elf death magi
  A small abomination (Vaults:3)
  7 merfolk javelineers
  Snorg (D:12)
  2 green deaths (WizLab)
  2 crystal guardians (Desolation)
  3 jiangshi (Depths:4)
  2 blizzard demons
  Josephine (Lair:6)
  11 yaktaur captains
  13 ragged hierophants (Desolation)
  5 merfolk impalers
  6 deep elf high priests
  3 rakshasas
  11 fire dragons
  26 vault guards
  A spectral kraken (Shoals:4)
  5 servants of whispers (Desolation)
  7 peacekeepers (Desolation)
  15 ice dragons
  29 naga warriors
  4 hydras
  7 great orbs of eyes
  4 alligator snapping turtles
  5 merfolk avatars
  A hell beast (WizLab)
  11 centaur warriors
  9 anacondas
  A monstrous demonspawn (D:8)
  A satyr (Shoals:3)
  4 spriggan air magi
  9 deep troll shamans
  4 merfolk aquamancers
  2 death knights
  14 ogre magi
  9 tengu warriors
  2 hell hogs (Depths:4)
  29 dancing weapons
  3 orc high priests (Orc:2)
  51 two-headed ogres
  A shock serpent (Snake:2)
  5 deep troll earth magi
  17 naga sharpshooters
  2 vampire magi
  2 spriggan berserkers (Depths:5)
  24 deep elf knights
  3 soul eaters
  3 sun demons
  9 skeletal warriors
  5 iron trolls (Depths:4)
  A shadow wraith (Vaults:3)
  A sixfirhy (D:1)
  A salamander mystic (Snake:4)
  A golden dragon zombie (Depths:1)
  2 infernal demonspawn (D:8)
  13 hell knights
  20 deep trolls
  A flayed ghost (Depths:1)
  12 sea snakes
  A death drake (shapeshifter) (Depths:3)
  A glowing orange brain (shapeshifter) (Vaults:5)
  A torturous demonspawn (D:8)
  18 deep elf archers
  5 naga ritualists
  26 harpies
  2 glowing orange brains
  A kraken simulacrum (Shoals:4)
  11 necromancers
  8 wizards
  5 phantasmal warriors (Vaults:5)
  16 ironbrand convokers
  3 shadow demons
  A lindwurm (shapeshifter) (Vaults:5)
  An orb spider (shapeshifter) (Elf:2)
  2 salamanders (shapeshifter)
  6 mana vipers
  48 deep elf magi
  10 salamanders
  12 cyclopes
  3 oklob plants
  14 orc knights
  4 wolf spiders
  32 ugly things
  A human zombie (Vaults:5)
  14 manticores
  9 fauns
  A wolf spider (shapeshifter) (Gauntlet)
  2 manticores (shapeshifter)
  6 orc sorcerers
  A moth of wrath (shapeshifter) (Vaults:5)
  2 frost giant skeletons
  9 merfolk sirens
  The ghost of Xtruder99 the Shield-Bearer, a novice GrFi (D:5)
  A fire giant skeleton (Vaults:4)
  2 rust devils (WizLab)
  15 vault sentinels
  3 ice statues (IceCv)
  A guardian serpent (shapeshifter) (Gauntlet)
  10 guardian serpents
  24 black mambas
  21 moths of wrath
  25 elephants
  13 naga magi
  10 water nymphs
  2 centaur zombies
  2 smoke demons
  A molten gargoyle (Desolation)
  2 orange demons
  4 gargoyles
  A torpor snail (Lair:6)
  2 yaktaur zombies (Vaults:4)
  A rime drake (shapeshifter) (Depths:2)
  2 elf skeletons (Vaults:5)
  A yaktaur (shapeshifter) (Vaults:1)
  5 cane toads
  55 yaktaurs
  A hellion (WizLab)
  4 rime drakes
  A tormentor (Depths:3)
  An efreet (D:13)
  13 ice devils
  2 kobold demonologists (Bailey)
  8 komodo dragons
  9 tengu conjurers
  A redback zombie (D:15)
  11 freezing wraiths
  2 hellwings (WizLab)
  2 red devils
  A queen bee (Lair:4)
  8 trolls
  4 wind drakes
  A polar bear (Lair:4)
  34 merfolk
  A troll (shapeshifter) (Gauntlet)
  3 meliai (Lair:4)
  5 hornets
  9 dream sheep
  59 saltlings (Desolation)
  A hornet (shapeshifter) (Vaults:4)
  41 slime creatures
  8 blink frogs
  10 hippogriffs
  A hippogriff (shapeshifter) (Depths:1)
  14 snapping turtles
  A spriggan (shapeshifter) (D:14)
  An ettin zombie (Vaults:4)
  4 redbacks (Gauntlet)
  A stone giant simulacrum (Vaults:1)
  5 flying skulls (Gauntlet)
  53 orc warriors
  An ettin skeleton (Depths:1)
  2 spriggans
  A redback (shapeshifter) (Elf:1)
  48 yaks
  7 shadows
  2 vampires (D:13)
  A ynoxinul (WizLab)
  32 water elementals
  A yak (shapeshifter) (Vaults:5)
  4 fire elementals
  4 hogs (D:12)
  9 wraiths
  3 wyverns
  7 basilisks
  19 humans (D:13)
  A golden eye (shapeshifter) (Vaults:4)
  6 chaos spawn
  2 hungry ghosts
  3 vampire mosquitoes (D:12)
  A basilisk (shapeshifter) (Depths:1)
  4 neqoxecs
  59 nagas
  3 wargs
  An acid dragon (D:14)
  A swamp worm (shapeshifter) (Vaults:5)
  6 water moccasins
  9 hell hounds (Depths:4)
  6 porcupines
  2 ettin simulacra
  12 ice beasts
  An eye of draining (shapeshifter) (Elf:1)
  A phantom (D:7)
  5 sky beasts
  A necrophage (D:7)
  5 wolves (Lair:4)
  A deep troll simulacrum (Depths:1)
  44 ogres
  10 boggarts
  26 centaurs
  11 crocodiles
  A tengu (shapeshifter) (Depths:3)
  2 big kobolds
  5 earth elementals
  20 bullfrogs
  3 scorpions
  2 wyvern skeletons
  A water moccasin skeleton (D:5)
  3 wights (D:11)
  29 killer bees
  2 electric eels
  10 jellies
  6 howler monkeys
  2 bullfrog zombies
  4 quasits
  A draconian simulacrum (IceCv)
  4 centaur skeletons
  3 bullfrog skeletons
  38 orc priests
  A gnoll shaman (D:6)
  5 hounds
  31 orc wizards
  8 iguanas
  2 worker ants
  2 spriggan simulacra (IceCv)
  A troll simulacrum (IceCv)
  A killer bee zombie (D:8)
  3 centaur simulacra
  A hound zombie (D:9)
  3 hound skeletons
  13 adders
  15 gnolls
  2 ogre simulacra (IceCv)
  2 naga simulacra (IceCv)
  5 shadow imps
  5 white imps
  3 ufetubi
  2 oozes
  An adder skeleton (D:4)
  4 worms
  A dart slug (D:1)
  5 leopard geckos
  142 orcs
  8 bats
  4 giant cockroaches
  18 goblins
  12 hobgoblins
  9 jackals (D:3)
  9 quokkas
  2 ball pythons
  5 frilled lizards
  A jackal skeleton (D:5)
  18 kobolds
  6 rats
  6 plants
  3 tentacles (Shoals:4)
2511 creatures vanquished.

Vanquished Creatures (collateral kills)
  2 orc warriors (Bailey)
  A black bear (D:7)
  A necrophage (D:6)
  2 killer bees (D:8)
  An adder (D:2)
7 creatures vanquished.

Vanquished Creatures (others)
  A golden dragon (Zot:5)
  A harpy (Shoals:1)
  An orc knight (Bailey)
  A deep elf mage (Elf:1)
  A water elemental (Elf:3)
  A centaur (D:11)
  2 orc priests
  3 orcs
  8 fungi
  18 plants
  13 tentacles (Shoals:4)
  2 withered plants (Lair:6)
52 creatures vanquished.

Grand Total: 2570 creatures vanquished

Levels and vault maps discovered:
D:1:      ncdulo_halloftheorcs, layout_rooms, minmay_misc_feat_enclosed
D:2:      layout_basic, old_standard_altar,
          chequers_temple_overflow_statue_of_worship, yredelemnul_altar_generic
D:3:      layout_basic
D:4:      layout_layer_cave, kennysheep_mini_moat
D:5:      layout_loops_ring, marbit_many_paths, hellmonk_ghost_happy_afterlife,
          first_ration
D:6:      layout_basic, kennysheep_little_box, overflow_temple_1_default,
          eino_curves_04
D:7:      layout_loops_cross, lemuel_doored_altar,
          minmay_temple_entry_enclosed_plants
D:8:      layout_loops_cross
D:9:      layout_grid_maze
D:10:     layout_stronghold, dpeg_oklobed_lair, the_bakery, corexii_corridor_pit
D:11:     layout_roguey, enter_bailey_3, hangedman_abyss_or_decor_stagger
D:12:     layout_cave_pools, orc_david_3, portal_ice_cave_rime,
          solitary_fountain, uniq_kirke, uniq_snorg
D:13:     layout_rooms, grunt_vaults_entry_tiered, ebering_ghost_inner_flame,
          guppyfry_shop_blood
D:14:     layout_rooms, serial_shops, shop, uniq_frances
D:15:     grunt_enter_depths_snipers, layout_cross, basic_altar,
          gauntlet_entry_generic, serial_bayou_pond_b
Lair:1:   layout_gridlike, grunt_forest_small_clearings
Lair:2:   layout_cave_shapes, elwin_shoals_entry_rocks, grunt_megastairs_4
Lair:3:   layout_cave_pods, infiniplex_staircase_pool_2, lemuel_fruit_fields
Lair:4:   layout_concentric_octagons, minmay_snake_entry_spellcaster,
          gammafunk_ghost_ooze, special_room [special_room_bee]
Lair:5:   layout_loops_ring, slime_dummy, nicolae_quartered_pool_medium,
          grunt_megastairs_5
Lair:6:   due_jungle_book, layout_regular_city, gammafunk_ghost_grave,
          kennysheep_basilisk_garden, infiniplex_staircase_pool, uniq_josephine
Shoals:1: gammafunk_its_a_trap, layout_shoals, hangedman_shoals_cup_caves
Shoals:2: layout_shoals, serial_shops, shop
Shoals:3: layout_shoals
Shoals:4: shoals_end_hangedman, layout_shoals, ebering_ghost_davey_jones
Snake:1:  cheibrodos_toxic_ritual, layout_chambers, basic_altar, uniq_nikola,
          uniq_louise
Snake:2:  layout_cave_town, basic_altar, serial_shops, shop, minmay_shop_star
Snake:3:  layout_rooms, lemuel_fruit_tree
Snake:4:  grunt_snake_rune_spirals, layout_onion_interference, uniq_aizul
Orc:1:    layout_diamond_mine
Orc:2:    st_orc_congregation, layout_diamond_mine, serial_shops, shop,
          led_sif_book, uniq_nessos
Elf:1:    layout_onion_city, uniq_agnes
Elf:2:    layout_geoelf_octagon, mu_enter_wizlab_7, uniq_jorgrun
Elf:3:    grunt_elf_hall_branching, layout_loops_corners
Vaults:1: v_misc_14, v_misc_27, hangedman_vaults_cutoff, vaults_room_boxed,
          hangedman_vaults_nodes, nicolae_vaults_stairing_the_circle,
          v_pattern_4, nicolae_vaults_little_squares_2, st_more_cells,
          ontoclasm_vaults_fault, ontoclasm_vaults_bender,
          hangedman_vaults_impose, nicolae_vaults_little_squares_1,
          vaults_room_pools, layout_vaults_omnicross,
          portal_desolation_entry_nicolae_slug
Vaults:2: hangedman_vaults_restitches, vaults_dpeg_ring,
          minmay_crypt_entry_necro_gods, vaults_door_vault,
          hangedman_vaults_stitches, vaults_dpeg_diagonal, ontoclasm_vaults_eye,
          layout_vaults_omnigrid
Vaults:3: gammafunk_vaults_ghost_crypt, hangedman_vaults_unwind,
          nicolae_vaults_shelves_hall, nicolae_vaults_what_the_h,
          grunt_vaults_hallway_long, v_pattern_2, vaults_room_corners,
          grunt_vaults_focal, nicolae_vaults_little_squares_6,
          vaults_room_corners, vaults_room_grid, v_alt_pattern_6,
          layout_vaults_big_room
Vaults:4: nicolae_vaults_border_crossing, nicolae_vaults_triangles, v_misc_30,
          hangedman_vaults_nails, v_rooms_1, v_misc_25, v_misc_16,
          nicolae_vaults_network_barrier, ontoclasm_vaults_ring_square,
          v_misc_15, layout_vaults_omnibox
Vaults:5
Depths:1: lemuel_flame_loot_2, layout_basic, enter_ziggurat_c, serial_shops,
          nicolae_shop_trees, hell_entry, corexii_corridor_pit,
          minmay_the_grid_square_5x5_3x3_mashed
          [minmay_the_grid_square_5x5_spiral_small,
          minmay_the_grid_square_5x5_inner_z,
          minmay_the_grid_square_5x5_doubleslash,
          minmay_the_grid_square_5x5_hollow_slash,
          minmay_the_grid_square_5x5_megaprize_crossed,
          minmay_the_grid_square_5x5_shrine2, minmay_the_grid_square_5x5_v,
          minmay_the_grid_square_5x5_six, minmay_the_grid_square_5x5_plus],
          uniq_bai_suzhen, uniq_sojobo
Depths:2: minmay_box_of_statues, layout_gridlike,
          nicolae_abyss_entry_one_way_or_another, hell_entry,
          serial_sigils_hangedman_scar, infiniplex_staircase_squiggle,
          uniq_asterion
Depths:3: abrahamwl_protected_by_tso_2, layout_gridlike,
          grunt_pan_entry_sceptre, hangedman_coc_ice_floe, serial_shops,
          nicolae_shop_behind_doors, minmay_misc_feat_doors,
          infiniplex_staircase_river
Depths:4: dpeg_oklob_gauntlet, layout_cave_pools, abyss_entry,
          patterned_corridor, grunt_hell_horde,
          minmay_staircase_statues_hall_small
Depths:5: grunt_zot_entry_alcove, layout_basic, hell_entry,
          chequers_serial_rivers_large_b, hex_medium, hangedman_decor_points,
          drop_trap
Zot:1:    layout_twisted_circle
Zot:2:    layout_onion_interference
Zot:3:    lemuel_halls_of_wrath, layout_twisted_circle, nicolae_lava_and_water,
          lemuel_elevator
Zot:4:    layout_onion
Zot:5:    layout_cathedral_of_symmetry


Message History

(P) Snake Pit (M) Slime Pits (O) Orcish Mines (E) Elven Halls (V) Vaults (C) Crypt (U) Depths (H) Hell (Z) Zot
Where to? (Enter - D:1 @ (x,y), ? - help)
Things that are here:
a short sword; a +0 dagger
There is an open door here.
You see here a leather armour.
There is a fountain of clear blue water here.
There is an open door here.
There is a staircase leading out of the dungeon here.
You're wearing all the rings you can.
Remove which one? (? for menu, Esc to cancel) < or
B - the ring "Nejaesam" {MR+ Str+4} > or
G - the ring "Hexzefewn" {Str+10 Dex+6} You remove the ring "Nejaesam" {MR+ Str+4}.
You feel agile.
m - the ring "Rutril" (left hand) {rF+ AC+4 Dex+4 Stlth+}
Okay, then.
You have escaped!

Notes
Turn   | Place    | Note
-------+----------+-------------------------------------------
     0 | D:1      | bmfx the Centaur Transmuter began the quest for the Orb.
     0 | D:1      | Reached XP level 1. HP: 16/16 MP: 3/3
   258 | D:1      | Reached XP level 2. HP: 20/23 MP: 2/4
   265 | D:1      | Learned a level 2 spell: Sticks to Snakes
   699 | D:2      | Found a radiant altar of Vehumet.
   700 | D:2      | Found an opulent altar of Gozag.
   700 | D:2      | Found a burning altar of Makhleb.
   967 | D:2      | Reached XP level 3. HP: 27/29 MP: 0/5
  1079 | D:2      | Found a bloodstained altar of Trog.
  1232 | D:2      | Found a basalt altar of Yredelemnul.
  2089 | D:3      | Reached skill level 1 in Evocations
  2146 | D:3      | Reached XP level 4. HP: 36/36 MP: 7/7
  2643 | D:4      | Found a white marble altar of Elyvilon.
  3512 | D:4      | Reached XP level 5. HP: 35/41 MP: 8/8
  4039 | D:4      | Noticed an ogre
  4043 | D:4      | Killed an ogre
  4043 | D:4      | Reached XP level 6. HP: 48/48 MP: 9/9
  4307 | D:5      | Entered Level 5 of the Dungeon
  4340 | D:5      | Found a runed translucent door.
  4343 | D:5      | Noticed Xtruder99's ghost (novice GrFi)
  4908 | D:5      | Reached skill level 5 in Unarmed Combat
  5103 | D:5      | Noticed a sky beast
  5265 | D:5      | Reached XP level 7. HP: 44/55 MP: 10/10
  5493 | D:5      | Reached skill level 5 in Evocations
  5602 | D:5      | Found a shattered altar of Ashenzari.
  5915 | D:6      | Reached XP level 8. HP: 61/61 MP: 11/11
  6018 | D:6      | Found a hazy altar of Hepliaklqana.
  6667 | D:6      | Found an iron altar of Okawaru.
  6673 | D:6      | Became a worshipper of Warmaster Okawaru
  6815 | D:6      | Reached skill level 1 in Bows
  7423 | D:7      | Found a staircase to the Ecumenical Temple.
  7582 | D:7      | Reached skill level 5 in Bows
  7611 | D:7      | Found an ornate altar of the Wu Jian Council.
  7871 | D:7      | Reached * piety under Okawaru
  7940 | D:7      | Reached XP level 9. HP: 71/71 MP: 12/12
  8055 | D:7      | Reached skill level 1 in Invocations
  8992 | D:8      | Reached ** piety under Okawaru
  9120 | D:8      | Reached skill level 5 in Invocations
 10033 | D:8      | Reached skill level 10 in Bows
 10587 | D:9      | Noticed a troll
 11144 | D:9      | Reached XP level 10. HP: 68/78 MP: 14/14
 12329 | D:10     | Entered Level 10 of the Dungeon
 12463 | D:10     | Reached *** piety under Okawaru
 12523 | D:10     | Noticed a gargoyle
 12854 | D:10     | Killed a gargoyle
 12854 | D:10     | Reached skill level 5 in Fighting
 12967 | D:10     | Found a staircase to the Lair.
 12973 | D:10     | Noticed an oklob plant
 13789 | D:10     | Killed an oklob plant
 13956 | D:11     | Reached **** piety under Okawaru
 14156 | D:11     | Found a flagged portal.
 14203 | Bailey   | Entered a bailey
 14347 | Bailey   | Noticed an orc knight
 14360 | Bailey   | Received a gift from Okawaru
 14360 | Bailey   | Reached XP level 11. HP: 94/94 MP: 15/15
 14364 | Bailey   | Killed an orc knight
 14380 | Bailey   | Found an iron altar of Okawaru.
 14397 | Bailey   | Noticed an orc knight
 14403 | Bailey   | Killed an orc knight
 14404 | Bailey   | Received a gift from Okawaru
 14446 | Bailey   | Got the ring "Rutril" {rF+ AC+4 Dex+4 Stlth+}
 14486 | Bailey   | Identified the cursed +1 short sword "Lotso" {flame, rC+
                  | Dex+3}
 14586 | Bailey   | Noticed an orc knight
 14829 | D:11     | Noticed a cyan ugly thing
 15047 | D:11     | Noticed a purple ugly thing
 15078 | D:11     | Noticed a red ugly thing
 15188 | Lair:1   | Entered Level 1 of the Lair of Beasts
 15203 | Lair:1   | Reached ***** piety under Okawaru
 15526 | Lair:1   | Reached skill level 15 in Bows
 15531 | Lair:1   | Reached skill level 1 in Armour
 17051 | Lair:2   | Found a staircase to the Shoals.
 17387 | Lair:2   | Noticed an eight-headed hydra
 17402 | Lair:2   | Killed an eight-headed hydra
 17594 | Lair:3   | Received a gift from Okawaru
 17796 | Lair:3   | Noticed an eight-headed hydra
 17802 | Lair:3   | Killed an eight-headed hydra
 17802 | Lair:3   | Reached skill level 5 in Armour
 18378 | Lair:4   | Reached XP level 12. HP: 88/101 MP: 16/16
 18472 | Lair:4   | Found a staircase to the Snake Pit.
 18573 | Lair:4   | Received a gift from Okawaru
 18775 | Lair:4   | Found a runed translucent gate.
 18775 | Lair:4   | Found a runed translucent gate.
 18775 | Lair:4   | Found a runed translucent gate.
 18779 | Lair:4   | Noticed Quyjis's ghost (journeyman DDGl)
 18781 | Lair:4   | Found a viscous altar of Jiyva.
 19271 | Lair:4   | Reached ****** piety under Okawaru
 19665 | Lair:5   | Received a gift from Okawaru
 19946 | Lair:5   | Found a staircase to the Slime Pits.
 20274 | Lair:5   | Reached XP level 13. HP: 60/107 MP: 17/17
 20279 | Lair:5   | Received a gift from Okawaru
 20776 | Lair:6   | Entered Level 6 of the Lair of Beasts
 20977 | Lair:6   | Noticed Josephine
 20985 | Lair:6   | Killed Josephine
 20992 | Lair:6   | Received a gift from Okawaru
 21145 | Lair:6   | Received a gift from Okawaru
 21222 | Lair:6   | Found a runed translucent door.
 21490 | Lair:6   | Noticed Munlam's ghost (journeyman MiTm)
 22558 | Lair:6   | Noticed a dire elephant
 22558 | Lair:6   | Noticed a dire elephant
 22574 | Lair:6   | Killed a dire elephant
 22581 | Lair:6   | Killed a dire elephant
 22581 | Lair:6   | Received a gift from Okawaru
 22582 | Lair:6   | Got a transparent longbow {god gift}
 22583 | Lair:6   | Identified the +6 longbow of Mutilation {god gift, venom,
                  | +Inv rF- Dex+10} (Okawaru gifted it to you on level 6 of
                  | the Lair of Beasts)
 22623 | Lair:6   | Identified the Volume of Lucky Air
 22696 | Lair:6   | Noticed a dire elephant
 22707 | Lair:6   | Killed a dire elephant
 22828 | Lair:6   | Found a runed translucent door.
 22903 | Lair:6   | Noticed a dire elephant
 22916 | Lair:6   | Killed a dire elephant
 23033 | Lair:6   | Noticed a dire elephant
 23049 | Lair:6   | Killed a dire elephant
 23424 | Lair:6   | Noticed a dire elephant
 23436 | Lair:6   | Killed a dire elephant
 23436 | Lair:6   | Reached XP level 14. HP: 115/115 MP: 19/19
 23631 | Lair:6   | Killed Munlam's ghost
 23797 | Lair:4   | Killed Quyjis's ghost
 23797 | Lair:4   | Received a gift from Okawaru
 24244 | D:5      | Killed Xtruder99's ghost
 24244 | D:5      | Received a gift from Okawaru
 25029 | D:12     | Noticed Kirke
 25038 | D:12     | Killed Kirke
 25040 | D:12     | Noticed Snorg
 25042 | D:12     | Killed Snorg
 25056 | D:12     | Received a gift from Okawaru
 25100 | D:12     | Found Eqae's Armour Boutique.
 25100 | D:12     | Found a staircase to the Orcish Mines.
 25132 | D:12     | Received a gift from Okawaru
 25137 | D:12     | Found a frozen archway.
 25148 | IceCv    | Entered an ice cave
 26412 | D:12     | Reached skill level 10 in Fighting
 26633 | D:13     | Received a gift from Okawaru
 27056 | D:13     | Found a gate to the Vaults.
 27477 | D:13     | Received a gift from Okawaru
 27478 | D:13     | Found the +2 ratskin cloak {god gift, +Rats rPois rN+ Str-1
                  | Int-1 Dex+1}
 27542 | D:13     | Found Ikakurch's Blood Bar.
 27547 | D:13     | Reached XP level 15. HP: 121/130 MP: 18/21
 27680 | D:13     | You fall into a shaft and drop 2 floors!
 27680 | D:15     | Entered Level 15 of the Dungeon
 27772 | D:15     | Found a gate leading to a gauntlet.
 27820 | Gauntlet | Entered a Gauntlet
 27820 | Gauntlet | Found a transporter.
 27839 | Gauntlet | Found a transporter.
 27839 | Gauntlet | Found a transporter.
 27840 | Gauntlet | Found a transporter.
 27844 | Gauntlet | Found a runed translucent door.
 27846 | Gauntlet | Found a runed translucent door.
 27848 | Gauntlet | Found a transporter.
 27851 | Gauntlet | Found a transporter.
 27852 | Gauntlet | Found a transporter.
 27859 | Gauntlet | Found a runed translucent door.
 27863 | Gauntlet | Found a transporter.
 27864 | Gauntlet | Found a transporter.
 27872 | Gauntlet | Found a transporter.
 27872 | Gauntlet | Found a transporter.
 27875 | Gauntlet | Found a transporter.
 27876 | Gauntlet | Found a transporter.
 27884 | Gauntlet | Found a transporter.
 28227 | Gauntlet | Noticed a quicksilver dragon
 28229 | Gauntlet | a quicksilver dragon changed into an iron troll
 28230 | Gauntlet | Noticed an azure jelly
 28230 | Gauntlet | an iron troll changed into an azure jelly
 28233 | Gauntlet | an azure jelly changed into a dire elephant
 28234 | Gauntlet | Noticed a fire giant
 28234 | Gauntlet | a dire elephant changed into a fire giant
 28237 | Gauntlet | Noticed a frost giant
 28237 | Gauntlet | a fire giant changed into a frost giant
 28241 | Gauntlet | Noticed a fire giant
 28241 | Gauntlet | a frost giant changed into a fire giant
 28244 | Gauntlet | a fire giant changed into an iron troll
 28259 | Gauntlet | Noticed a shadow dragon
 28259 | Gauntlet | an iron troll changed into a shadow dragon
 28264 | Gauntlet | Killed a shadow dragon
 28280 | Gauntlet | Got a bound tin ring
 28282 | Gauntlet | Identified the ring of the Falcon {+Fly rN+ Slay+3 Stlth+}
                  | (You found it in a Gauntlet)
 28568 | D:14     | Received a gift from Okawaru
 28687 | D:13     | Found a runed translucent door.
 28971 | D:13     | Noticed Gioread's ghost (journeyman TrMo)
 29019 | D:13     | Killed Gioread's ghost
 29192 | D:13     | Got a slimy pewter ring
 29195 | D:13     | Identified the ring "Hauzut" {Str+3 Stlth+} (You found it
                  | on level 13 of the Dungeon)
 29219 | D:14     | Noticed Frances
 29226 | D:14     | Killed Frances
 29233 | D:14     | Received a gift from Okawaru
 29679 | D:14     | Found Sozideism's Magic Scroll Boutique.
 30231 | D:15     | Found a radiant altar of Vehumet.
 30420 | D:15     | Reached skill level 5 in Dodging
 30471 | D:15     | Found a staircase to the Depths.
 30471 | D:15     | Noticed a frost giant
 30477 | D:15     | Killed a frost giant
 30959 | Orc:1    | Entered Level 1 of the Orcish Mines
 31247 | Orc:1    | Reached XP level 16. HP: 139/139 MP: 22/22
 31517 | Orc:2    | Entered Level 2 of the Orcish Mines
 31533 | Orc:2    | Received a gift from Okawaru
 31574 | Orc:2    | Found a staircase to the Elven Halls.
 31733 | Orc:2    | Noticed Nessos
 31739 | Orc:2    | Killed Nessos
 32195 | Orc:2    | Found Xomakly's Gadget Shoppe.
 32214 | Orc:2    | Bought a wand of paralysis (8) for 130 gold pieces
 32752 | Orc:2    | Found Siexkaes's Antique Armour Boutique.
 32753 | Orc:2    | Found Vumnan's Antique Weapon Boutique.
 32754 | Orc:2    | Found Lyrghea's General Store.
 32754 | Orc:2    | Found Eschaqes's Jewellery Shop.
 32768 | Orc:2    | Bought a shiny helmet for 240 gold pieces
 32790 | Orc:2    | Bought an embroidered cloak for 240 gold pieces
 32920 | Orc:2    | Found a shimmering blue altar of Sif Muna.
 33119 | Shoals:1 | Entered Level 1 of the Shoals
 33345 | Shoals:1 | Received a gift from Okawaru
 33422 | Shoals:1 | Received a gift from Okawaru
 33711 | Shoals:1 | Found a transporter.
 33834 | Shoals:1 | Found a transporter.
 34212 | Shoals:1 | Received a gift from Okawaru
 34292 | Shoals:1 | Got a wavering bone ring
 34293 | Shoals:1 | Identified the ring of the Archfiend {rPois MR+ Dex+7} (You
                  | found it on level 1 of the Shoals)
 34308 | Shoals:1 | Got a transparent ivory ring
 34310 | Shoals:1 | Identified the ring of Izuidaimm {+Blink Str+5 Int-2 Dex+6}
                  | (You found it on level 1 of the Shoals)
 34938 | Shoals:2 | Found Fophik's General Store.
 35456 | Shoals:2 | Reached XP level 17. HP: 154/154 MP: 21/23
 35587 | Shoals:3 | Reached skill level 15 in Fighting
 35887 | Shoals:3 | Received a gift from Okawaru
 36828 | Shoals:4 | Entered Level 4 of the Shoals
 37035 | Shoals:4 | Found a runed translucent gate.
 37132 | Shoals:4 | Received a gift from Okawaru
 37182 | Shoals:4 | Got a pitted longbow {god gift}
 37183 | Shoals:4 | Identified the +2 longbow "Giovoego" {god gift, vorpal,
                  | Str-3 Int+6} (Okawaru gifted it to you on level 4 of the
                  | Shoals)
 37597 | Shoals:4 | Got a shimmering emerald amulet
 37598 | Shoals:4 | Identified the amulet "Coonuanu" {Acrobat Stlth+} (You
                  | found it on level 4 of the Shoals)
 38088 | Shoals:4 | Got a barnacled rune of Zot
 38251 | Shoals:4 | Got a vibrating iron amulet
 38319 | Shoals:4 | Received a gift from Okawaru
 38388 | Shoals:4 | Received a gift from Okawaru
 38537 | Shoals:4 | Found a runed translucent gate.
 38537 | Shoals:4 | Found a runed translucent gate.
 38537 | Shoals:4 | Noticed Lanoc's ghost (adept VSBe)
 38654 | Shoals:4 | Identified the Tome of Torrid Shape Shifting
 38895 | Shoals:4 | Killed Lanoc's ghost
 38925 | Shoals:4 | Got a heavily runed granite ring
 38926 | Shoals:4 | Identified the amulet of Bafom {Inacc rN+ Str+4 Int+5
                  | Dex-3} (You found it on level 4 of the Shoals)
 38928 | Shoals:4 | Identified the ring of Insomnia {*Drain rPois MR++ Int+4
                  | Stlth-} (You found it on level 4 of the Shoals)
 39242 | Snake:1  | Entered Level 1 of the Snake Pit
 39247 | Snake:1  | Found a shattered altar of Ashenzari.
 39374 | Snake:1  | Received a gift from Okawaru
 39494 | Snake:1  | Noticed Louise
 39505 | Snake:1  | Killed Louise
 39753 | Snake:1  | Noticed Nikola
 39765 | Snake:1  | Killed Nikola
 39765 | Snake:1  | Received a gift from Okawaru
 39766 | Snake:1  | Reached XP level 18. HP: 176/176 MP: 17/24
 39968 | Snake:1  | Found a runed translucent door.
 39992 | Snake:1  | You fall into a shaft and drop 1 floor!
 40082 | Snake:2  | Reached skill level 10 in Evocations
 40095 | Snake:2  | Found Ilufou's Gadget Shop.
 40128 | Snake:2  | Found Pichojal's Antique Weapon Shoppe.
 40155 | Snake:2  | Found Uvuu's Magic Scroll Shoppe.
 40155 | Snake:2  | Found Egefuff's Distillery.
 40224 | Snake:2  | Bought a potion of cancellation for 144 gold pieces
 40459 | Snake:2  | Found a shimmering altar of Xom.
 40730 | Snake:2  | Reached skill level 10 in Invocations
 41419 | Snake:3  | Received a gift from Okawaru
 41938 | Snake:4  | Entered Level 4 of the Snake Pit
 42278 | Snake:4  | Received a gift from Okawaru
 42309 | Snake:4  | Noticed Aizul
 42476 | Snake:4  | Killed Aizul
 42489 | Snake:4  | Received a gift from Okawaru
 43184 | Snake:4  | Reached skill level 10 in Armour
 43215 | Snake:4  | Received a gift from Okawaru
 43937 | Snake:4  | Got a serpentine rune of Zot
 44054 | Snake:4  | Reached XP level 19. HP: 185/185 MP: 26/26
 44482 | Snake:4  | Received a gift from Okawaru
 45118 | Vaults:1 | Entered Level 1 of the Vaults
 45136 | Vaults:1 | Received a gift from Okawaru
 45173 | Vaults:1 | Received a gift from Okawaru
 45512 | Vaults:1 | Found a ruined gateway.
 45527 | Desolati | Entered the Desolation of Salt
 45664 | Desolati | Identified the ring "Nejaesam" {MR+ Str+4} (You found it in
                  | the Desolation of Salt)
 45695 | Desolati | Identified the ring of Day {MP+9 Str+3} (You found it in
                  | the Desolation of Salt)
 46267 | Desolati | Received a gift from Okawaru
 46382 | Desolati | Got a warped longbow {god gift}
 46383 | Desolati | Identified the +2 longbow of the Trees {god gift, freeze,
                  | rPois rN++} (Okawaru gifted it to you in the Desolation of
                  | Salt)
 46595 | Desolati | Identified the Compendium of the Poisonous Rocks
 46604 | Desolati | Identified the amulet of Itheomodgh {Acrobat rN+ MR++} (You
                  | found it in the Desolation of Salt)
 46735 | Desolati | Received a gift from Okawaru
 46833 | Desolati | Identified the Tome of Dark Dislocation
 46877 | Desolati | Reached XP level 20. HP: 188/193 MP: 27/27
 48701 | Vaults:1 | Received a gift from Okawaru
 48701 | Vaults:1 | Reached skill level 15 in Armour
 49404 | Vaults:2 | Found a huge runed gate.
 49404 | Vaults:2 | Found a huge runed gate.
 49404 | Vaults:2 | Found a huge runed gate.
 49404 | Vaults:2 | Found a huge runed gate.
 49404 | Vaults:2 | Found a huge runed gate.
 49404 | Vaults:2 | Found a huge runed gate.
 49405 | Vaults:2 | Found a huge runed gate.
 49405 | Vaults:2 | Found a huge runed gate.
 49405 | Vaults:2 | Found a huge runed gate.
 49405 | Vaults:2 | Found a huge runed gate.
 49409 | Vaults:2 | Found a huge runed gate.
 49409 | Vaults:2 | Found a huge runed gate.
 49409 | Vaults:2 | Found a huge runed gate.
 49409 | Vaults:2 | Found a huge runed gate.
 49409 | Vaults:2 | Found a huge runed gate.
 49409 | Vaults:2 | Found a huge runed gate.
 49409 | Vaults:2 | Found a huge runed gate.
 49410 | Vaults:2 | Found a huge runed gate.
 49411 | Vaults:2 | Found a huge runed gate.
 49419 | Vaults:2 | Found a huge runed gate.
 49419 | Vaults:2 | Found a huge runed gate.
 49419 | Vaults:2 | Found a huge runed gate.
 49419 | Vaults:2 | Found a huge runed gate.
 49419 | Vaults:2 | Found a huge runed gate.
 49419 | Vaults:2 | Found a huge runed gate.
 49419 | Vaults:2 | Found a huge runed gate.
 49420 | Vaults:2 | Found a huge runed gate.
 49421 | Vaults:2 | Found a huge runed gate.
 49429 | Vaults:2 | Found a huge runed gate.
 49429 | Vaults:2 | Found a huge runed gate.
 49429 | Vaults:2 | Found a huge runed gate.
 49429 | Vaults:2 | Found a huge runed gate.
 49429 | Vaults:2 | Found a huge runed gate.
 49429 | Vaults:2 | Found a huge runed gate.
 49429 | Vaults:2 | Found a huge runed gate.
 49430 | Vaults:2 | Found a huge runed gate.
 49969 | Vaults:2 | Received a gift from Okawaru
 50230 | Vaults:2 | Found a staircase to the Crypt.
 50230 | Vaults:2 | Found an ancient bone altar of Kikubaaqudgha.
 50250 | Vaults:2 | Found a basalt altar of Yredelemnul.
 52234 | Vaults:3 | Reached XP level 21. HP: 168/205 MP: 20/28
 52523 | Vaults:3 | Received a gift from Okawaru
 52922 | Vaults:3 | Found a runed translucent gate.
 52922 | Vaults:3 | Found a runed translucent gate.
 52922 | Vaults:3 | Found a runed translucent gate.
 52922 | Vaults:3 | Found an ancient bone altar of Kikubaaqudgha.
 52922 | Vaults:3 | Noticed an ancient lich
 52922 | Vaults:3 | Noticed Usulitso's ghost (veteran FoVM)
 52922 | Vaults:3 | Noticed Juteq's ghost (adept GnGl)
 52945 | Vaults:3 | Killed an ancient lich
 52982 | Vaults:3 | Killed Usulitso's ghost
 52995 | Vaults:3 | Killed Juteq's ghost
 52995 | Vaults:3 | Received a gift from Okawaru
 53035 | Vaults:3 | Got a flickering bronze amulet
 53036 | Vaults:3 | Identified the amulet "Jiemiusi" {rF+ Regen+ Dex+2 SInv}
                  | (You found it on level 3 of the Vaults)
 53041 | Vaults:3 | Got a jewelled helmet
 53052 | Vaults:3 | Identified the +2 helmet "Ukloahuo" {Int+2 Dex-4 Stlth+}
                  | (You found it on level 3 of the Vaults)
 53964 | Vaults:4 | Received a gift from Okawaru
 54211 | Vaults:4 | Got a faintly glowing centaur barding {god gift}
 54645 | Vaults:4 | Identified the +5 centaur barding of Ycvab {god gift,
                  | Dex+4} (Okawaru gifted it to you on level 4 of the Vaults)
 55392 | Elf:1    | Entered Level 1 of the Elven Halls
 56250 | Elf:1    | Noticed Agnes
 56256 | Elf:1    | Killed Agnes
 56309 | Elf:1    | Reached XP level 22. HP: 215/215 MP: 29/29
 56407 | Elf:1    | Reached skill level 10 in Dodging
 56435 | Elf:1    | Received a gift from Okawaru
 56815 | Elf:1    | Got the +0 plate armour of Sap Faixt {rF++ rC+ Dex+6}
 57130 | Elf:2    | Got the ring "Hexzefewn" {Str+10 Dex+6}
 57236 | Elf:2    | Found a magical portal.
 57239 | WizLab   | Entered The Hall of the Hellbinder
 57447 | WizLab   | Received a gift from Okawaru
 57631 | WizLab   | Found a burning altar of Makhleb.
 57662 | WizLab   | Received a gift from Okawaru
 57860 | WizLab   | Identified the ring "Eqa Pix" {rC++ Int-5 Stlth-} (You
                  | found it in a wizard's laboratory)
 57863 | WizLab   | Identified the Compendium of Summoning
 57866 | WizLab   | Identified the amulet of Gupivof {Reflect Str+2 SH+5
                  | Stlth+} (You found it in a wizard's laboratory)
 57899 | WizLab   | Identified the +4 demon blade of Xiupp {drain, MR+ Str+4}
                  | (You found it in a wizard's laboratory)
 58023 | Elf:2    | Received a gift from Okawaru
 58273 | Elf:2    | Noticed Jorgrun
 58291 | Elf:2    | Killed Jorgrun
 58785 | Elf:2    | Found a runed translucent gate.
 58785 | Elf:2    | Found a runed translucent gate.
 58786 | Elf:2    | Found a runed translucent gate.
 58978 | Elf:2    | Received a gift from Okawaru
 59313 | Elf:3    | Entered Level 3 of the Elven Halls
 59511 | Elf:3    | Received a gift from Okawaru
 60056 | Elf:3    | Identified the ring of Jise {*Contam rF+++ rC+ Str-2
                  | Stlth+}
 60059 | Elf:3    | Identified the +7 spear of Kahenoso {drain, rElec}
 60069 | Elf:3    | Identified the +1 trident of Contradiction {flame, rC+}
 60108 | Elf:3    | Identified the +5 battleaxe of Barnacled Guile {freeze,
                  | Str+2 Dex+4}
 60513 | Elf:3    | Received a gift from Okawaru
 60796 | Elf:3    | Identified the +12 plate armour "Neggygonk" {rCorr} (You
                  | found it on level 3 of the Elven Halls)
 60809 | Elf:3    | Identified the Incunabulum of Frigorific Enchantment
 60905 | Elf:3    | Identified the +8 rapier "Diodazoc" {elec, rN+ MP+9 Str-4}
 60910 | Elf:3    | Received a gift from Okawaru
 61141 | Depths:1 | Entered Level 1 of the Depths
 61277 | Depths:1 | Received a gift from Okawaru
 61281 | Depths:1 | Reached XP level 23. HP: 169/223 MP: 30/30
 61292 | Depths:1 | Identified the +0 ring mail of Amorality {god gift, rF+
                  | Regen+} (Okawaru gifted it to you on level 1 of the Depths)
 61479 | Depths:1 | Found a gateway to a ziggurat.
 61552 | Depths:1 | Noticed Sojobo
 61569 | Depths:1 | Killed Sojobo
 61608 | Depths:1 | Found Uqason's Assorted Antiques.
 61658 | Depths:1 | Found a gateway to Hell.
 61665 | Depths:1 | Noticed Bai Suzhen
 61682 | Depths:1 | Killed Bai Suzhen
 62053 | Depths:1 | Identified the cursed +3 war axe "Ixzeupt" {flame, rElec
                  | rC+}
 62372 | Depths:1 | Identified the +2 robe of the Stone Wall {rCorr SInv}
 62860 | Depths:2 | Found a one-way gate to the infinite horrors of the Abyss.
 63085 | Depths:2 | Received a gift from Okawaru
 63236 | Depths:2 | Received a gift from Okawaru
 63303 | Depths:2 | Identified the +1 centaur barding of Exclusion {god gift,
                  | rF+ Str+3 Stlth-} (Okawaru gifted it to you on level 2 of
                  | the Depths)
 64167 | Depths:3 | Reached skill level 15 in Dodging
 64313 | Depths:3 | Received a gift from Okawaru
 64673 | Depths:3 | Found a one-way gate leading to the halls of Pandemonium.
 65194 | Depths:3 | Found a glowing golden altar of the Shining One.
 65427 | Depths:3 | Found Zutaog's Food Shoppe.
 65557 | Depths:4 | Reached XP level 24. HP: 192/231 MP: 30/30
 65967 | Depths:4 | Received a gift from Okawaru
 66012 | Depths:4 | Received a gift from Okawaru
 66523 | Depths:4 | Identified the Catalogue of the Voyage and Transmutation
 66526 | Depths:4 | Got a pitted platinum amulet
 66527 | Depths:4 | Identified the amulet "Iteoj" {RegenMP rPois rN+ MR- Int+2}
                  | (You found it on level 4 of the Depths)
 66705 | Depths:5 | Entered Level 5 of the Depths
 67509 | Depths:5 | Found a gate to the Realm of Zot.
 67941 | Depths:5 | Found the +4 moon troll leather armour {Spirit, Regen++
                  | MP+5}
 68218 | Depths:2 | Noticed Asterion
 68228 | Depths:2 | Killed Asterion
 68228 | Depths:2 | Received a gift from Okawaru
 68229 | Depths:2 | Got a shimmering centaur barding {god gift}
 68230 | Depths:2 | Identified the +3 centaur barding of the Tick {god gift,
                  | Int+2} (Okawaru gifted it to you on level 2 of the Depths)
 68519 | Vaults:5 | Entered Level 5 of the Vaults
 68752 | Vaults:5 | Reached XP level 25. HP: 169/238 MP: 27/30
 69095 | Vaults:5 | Identified the cursed +1 robe of Ru {*Contam rC+++ Regen+
                  | Slay+2}
 69116 | Vaults:5 | Identified Syram's Guide on Assistive Changing
 69223 | Vaults:5 | Received a gift from Okawaru
 69332 | Vaults:5 | Found the +3 robe of Clouds {+Thunder rCloud rElec}
 69444 | Vaults:5 | Got a steaming steel ring
 69447 | Vaults:5 | Got a translucent chain mail
 69448 | Vaults:5 | Identified the ring of Odegudyu {rPois rF+ MR- MP-9 Dex+5}
                  | (You found it on level 5 of the Vaults)
 69450 | Vaults:5 | Identified the +0 chain mail of Unambiguity {Harm rCorr
                  | Str-2 Stlth+} (You found it on level 5 of the Vaults)
 69530 | Vaults:5 | Received a gift from Okawaru
 69825 | Vaults:5 | Identified the amulet of Ryelae {Faith *Drain rC++ Int+4
                  | Dex-4}
 69927 | Vaults:5 | Received a gift from Okawaru
 69984 | Vaults:5 | Identified the +4 centaur barding of Tender Moments {god
                  | gift, Int+4} (Okawaru gifted it to you on level 5 of the
                  | Vaults)
 70427 | Vaults:5 | Got a silver rune of Zot
 71428 | Zot:1    | Entered Level 1 of the Realm of Zot
 72435 | Zot:1    | You fall into a shaft and drop 1 floor!
 73196 | Zot:2    | Received a gift from Okawaru
 73336 | Zot:2    | Reached XP level 26. HP: 193/246 MP: 33/33
 73355 | Zot:2    | Received a gift from Okawaru
 74464 | Zot:4    | Received a gift from Okawaru
 74653 | Zot:4    | Reached skill level 15 in Invocations
 75367 | Zot:4    | Received a gift from Okawaru
 75620 | Zot:4    | Reached skill level 15 in Evocations
 75935 | Zot:5    | Entered Level 5 of the Realm of Zot
 76627 | Zot:5    | Received a gift from Okawaru
 76702 | Zot:5    | Noticed an orb of fire
 76703 | Zot:5    | Noticed an orb of fire
 76710 | Zot:5    | Killed an orb of fire
 76711 | Zot:5    | Noticed an orb of fire
 76719 | Zot:5    | Killed an orb of fire
 76725 | Zot:5    | Killed an orb of fire
 76725 | Zot:5    | Reached XP level 27. HP: 245/254 MP: 31/34
 76726 | Zot:5    | Noticed an orb of fire
 76726 | Zot:5    | Noticed an orb of fire
 76726 | Zot:5    | Noticed an orb of fire
 76730 | Zot:5    | Gained mutation: Your magical capacity is low. (-10% MP)
                  | [an orb of fire]
 76738 | Zot:5    | Killed an orb of fire
 76738 | Zot:5    | Received a gift from Okawaru
 76740 | Zot:5    | Killed an orb of fire
 76743 | Zot:5    | Noticed an ancient lich
 76743 | Zot:5    | Noticed an orb of fire
 76743 | Zot:5    | Noticed an orb of fire
 76764 | Zot:5    | Killed an orb of fire
 76770 | Zot:5    | Gained mutation: You are dopey. (Int -2) [an orb of fire]
 76772 | Zot:5    | Killed an orb of fire
 76779 | Zot:5    | Killed an orb of fire
 76789 | Zot:5    | Killed an ancient lich
 76790 | Zot:5    | Noticed an orb of fire
 76798 | Zot:5    | Gained mutation: You occasionally shout uncontrollably at
                  | your foes. [an orb of fire]
 76802 | Zot:5    | Killed an orb of fire
 76802 | Zot:5    | Noticed an orb of fire
 76809 | Zot:5    | Killed an orb of fire
 76810 | Zot:5    | Noticed an ancient lich
 76817 | Zot:5    | Killed an ancient lich
 76818 | Zot:5    | Noticed an ancient lich
 76832 | Zot:5    | Killed an ancient lich
 76850 | Zot:5    | Received a gift from Okawaru
 76868 | Zot:5    | Noticed an ancient lich
 76872 | Zot:5    | Killed an ancient lich
 76899 | Zot:5    | Received a gift from Okawaru
 76929 | Zot:5    | Received a gift from Okawaru
 76951 | Zot:5    | Got a spiked chain mail {god gift}
 76952 | Zot:5    | Identified the +7 chain mail of Too Many Cooks {god gift,
                  | Int+2} (Okawaru gifted it to you on level 5 of the Realm of
                  | Zot)
 77075 | Zot:5    | Received a gift from Okawaru
 77162 | Zot:5    | Identified the +0 longbow "Waxasuyf" {god gift, flame,
                  | Int+7} (Okawaru gifted it to you on level 5 of the Realm of
                  | Zot)
 77817 | Zot:5    | Received a gift from Okawaru
 77935 | Zot:2    | Lost mutation: You occasionally shout uncontrollably at
                  | your foes. [potion of mutation]
 77935 | Zot:2    | Lost mutation: You are dopey. (Int -2) [potion of mutation]
 77935 | Zot:2    | Lost mutation: Your magical capacity is low. (-10% MP)
                  | [potion of mutation]
 77935 | Zot:2    | Gained mutation: Your mind is acute. (Int +2) [potion of
                  | mutation]
 77935 | Zot:2    | Gained mutation: Your mind is very acute. (Int +4) [potion
                  | of mutation]
 77935 | Zot:2    | Gained mutation: You expend magic power (3 MP) to
                  | strengthen your wands. [potion of mutation]
 78301 | Zot:5    | Got the Orb of Zot
 78746 | D:8      | Received a gift from Okawaru
 78879 | D:3      | Noticed Qiunuass the pandemonium lord
 78972 | D:$      | Escaped with the Orb!
